 Dungeon Crawl Stone Soup version 0.22-a0-467-g5c5de1cb09 (webtiles) character file.

315 Oravi the Gusty (level 6, -1/34 HPs)
             Began as a Tengu Air Elementalist on June 10, 2018.
             Was an Initiate of Vehumet.
             Shot with an arrow by a centaur (15 damage)
             ... on level 5 of the Dungeon.
             The game lasted 00:11:44 (4172 turns).

Oravi the Gusty (Tengu Air Elementalist)            Turns: 4172, Time: 00:11:44

Health: -1/34      AC:  2    Str:  8    XL:     6   Next: 43%
Magic:  4/11       EV: 13    Int: 16    God:    Vehumet [......]
Gold:   201        SH:  4    Dex: 16    Spells: 5/11 levels left

rFire    . . .     SeeInvis .   l - +0 whip
rCold    . . .     Gourm    .   k - +0 buckler
rNeg     . . .     Faith    .   a - +0 robe
rPois    .         Spirit   .   (helmet restricted)
rElec    .         Reflect  .   (no cloak)
rCorr    .         Harm     .   (no gloves)
MR       .....                  (boots unavailable)
Stlth    ++........             (no amulet)
HPRegen  0.11/turn              (no ring)
MPRegen  0.12/turn              (no ring)

@: no status effects
A: beak, talons 3, able to fly 1
a: Fly, Renounce Religion


You were on level 5 of the Dungeon.
You worshipped Vehumet.
Vehumet was noncommittal.
You were not hungry.

You visited 2 branches of the dungeon, and saw 6 of its levels.

You collected 201 gold pieces.

Inventory:

Hand Weapons
 l - a +0 whip (weapon)
 n - a +0 blowgun
Missiles
 j - 141 stones (quivered)
 s - 2 javelins
Armour
 a - a +0 robe (worn)
 k - a +0 buckler (worn)
Scrolls
 b - a scroll of teleportation {unknown}
 e - 4 scrolls of remove curse {unknown}
 i - 3 scrolls of identify
 o - 2 scrolls of enchant armour {unknown}
 q - 2 scrolls of fog {unknown}
 r - a scroll of immolation {unknown}
Potions
 d - a potion of haste
 f - a potion of brilliance
 g - a potion of experience {unknown}
 h - a potion of flight
 m - a potion of cancellation
 p - a potion of agility
 t - 2 potions of curing
Comestibles
 c - 10 rations


   Skills:
 + Level 1.6 Fighting
 + Level 3.1 Dodging
 + Level 2.5 Stealth
 + Level 1.8 Shields
 + Level 3.1 Spellcasting
 + Level 3.8 Conjurations
 + Level 5.4 Air Magic


You had 5 spell levels left.
You knew the following spells:

 Your Spells              Type           Power        Failure   Level  Hunger
a - Shock                 Conj/Air       ###.         3%          1    None
b - Swiftness             Chrm/Air       ##......     12%         2    ##.....
c - Static Discharge      Conj/Air       ###.....     11%         3    ###....

Your spell library contained the following spells:

 Spells                   Type           Power        Failure   Level  Hunger
 Lightning Bolt           Conj/Air       ###.......   69%         5    ######.
 Airstrike                Air            ###.......   26%         4    ####...


Dungeon Overview and Level Annotations

Branches:
Dungeon (5/15)             Temple (1/1) D:4

Altars:
Cheibriados
Dithmenos
Fedhas
Gozag
Hepliaklqana
Kikubaaqudgha
Makhleb
Okawaru
Qazlal
Ru
Sif Muna
Uskayaw
Vehumet
Xom
Yredelemnul
Zin
The Shining One

Annotations:
D:4 exclusion: skeleton, Menkaure


Innate Abilities, Weirdness & Mutations

You have a beak for a mouth.
You have claws for feet.
You can fly.


Message History

Aiming: Shock (safe; 3% risk of failure)
Press: ? - help, Shift-Dir - straight line, f/p - centaur
Aim: a centaur, wielding a shortbow (heavily wounded)
The zap hits the centaur.
The centaur is severely wounded.
The centaur shoots an arrow.
The arrow hits you!
Casting: Shock (safe; 3% risk of failure)
Confirm with . or Enter, or press ? or * to list all spells.
Aiming: Shock (safe; 3% risk of failure)
Press: ? - help, Shift-Dir - straight line, f/p - centaur
Aim: a centaur, wielding a shortbow (severely wounded)
The zap hits the centaur.
The centaur is almost dead.
Casting: Shock (safe; 3% risk of failure)
Confirm with . or Enter, or press ? or * to list all spells.
Aiming: Shock (safe; 3% risk of failure)
Press: ? - help, Shift-Dir - straight line, f/p - centaur
Aim: a centaur, wielding a shortbow (almost dead)
The zap misses the centaur.
The centaur shoots an arrow.
The arrow hits you!
You die...

## ## #. ##........ #. #####
..........##.# ##
.....#.#.........#.# ####.
.................#.# .....
###.####...c...#.# #######.
##.....##.......#.# .........
#.......#.......#.# ..#######.
#.......#......@#.####..........
....._..............(............
.#.......#.#.#.#.#.#.............
.#.......#.#...#.#.#.##....##.#..
##.....##.................##.#.#
###.####.#.##..#..........[...#
... ...#.##....#......###.###
#.## ###.#.##..#.#.............
#. #.#.##.####......###.###


You could see a centaur.

Vanquished Creatures
  An ogre (D:5)
  2 orc wizards (D:5)
  A hound (D:4)
  A worker ant (D:4)
  A hound skeleton (D:5)
  5 adders
  An ooze (D:1)
  A dart slug (D:1)
  2 leopard geckos
  3 orcs
  7 bats
  4 goblins
  11 hobgoblins
  7 jackals
  A quokka (D:3)
  2 ball pythons
  10 frilled lizards
  2 rats (D:2)
62 creatures vanquished.

Notes
Turn   | Place    | Note
-------+----------+-------------------------------------------
     0 | D:1      | Oravi the Tengu Air Elementalist began the quest for the Orb.
     0 | D:1      | Reached XP level 1. HP: 10/10 MP: 4/4
    68 | D:1      | Reached XP level 2. HP: 15/15 MP: 0/6
   541 | D:1      | Reached XP level 3. HP: 19/19 MP: 2/7
   545 | D:1      | Learned a level 2 spell: Swiftness
   549 | D:1      | Learned a level 3 spell: Static Discharge
  1157 | D:2      | Reached XP level 4. HP: 16/24 MP: 2/9
  1515 | D:2      | Noticed a dagger
  1515 | D:2      | Noticed a hand axe
  1516 | D:2      | Found a hide-covered altar of Uskayaw.
  2613 | D:4      | Reached skill level 1 in Shields
  2613 | D:4      | Reached skill level 5 in Air Magic
  2613 | D:4      | Gained mutation: You can fly. [Tengu growth]
  2613 | D:4      | Reached XP level 5. HP: 21/28 MP: 1/10
  2989 | D:4      | Noticed Menkaure
  3141 | D:4      | Found a staircase to the Ecumenical Temple.
  3248 | Temple   | Entered the Ecumenical Temple
  3274 | Temple   | Became a worshipper of Vehumet
  3626 | D:5      | Entered Level 5 of the Dungeon
  3689 | D:5      | Reached skill level 1 in Fighting
  3819 | D:5      | Noticed an ogre
  3828 | D:5      | Killed an ogre
  3828 | D:5      | Reached XP level 6. HP: 23/34 MP: 2/11
  4053 | D:5      | Found a hazy altar of Hepliaklqana.
  4172 | D:5      | Shot with an arrow by a centaur

Vault maps used:
D:1:      dpeg_arrival_windows_large_door
D:2:      dancing_weapons_uskayaw, first_ration
D:4:      temple_pool_b, uniq_menkaure
D:5:      old_standard_altar, basic_altar
Temple:   regret_index_temple_waves

Skill      XL: |  1  2  3  4  5 |
---------------+----------------+-----
Conjurations   | 2 3 |  3.8
Shields        | 1 |  1.8
Air Magic      | 5 |  5.4
Fighting       | 1 |  1.6
Spellcasting   | 3 |  3.1
Dodging        | 3 |  3.1
Stealth        | |  2.5

Action                   |  1- 3 |  4- 6 || total
-------------------------+-------+-------++-------
Melee: Unarmed           |     4 |       ||     4
       Peck              |     1 |     3 ||     4
       Whip              |       |    21 ||    21
       Kick              |       |     5 ||     5
 Cast: Shock             |    75 |    85 ||   160
       Static Discharge  |       |     2 ||     2
  Use: Scroll            |       |     4 ||     4
       Potion            |       |     3 ||     3
  Eat: Chunk             |     2 |     6 ||     8
       Ration            |       |     1 ||     1
Armor: Robe              |     8 |     2 ||    10
Dodge: Dodged            |    14 |    23 ||    37
Block: Buckler           |       |     2 ||     2

Table legend:
 A = Spawn XP
 B = Non-spawn XP
 C = Spawn XP percentage of total XP
 D = Spawn monster count
 E = Non-spawn monster count
 F = Spawn count percentage of total count
 G = Total turns spent on level
                    A         B        C        D         E        F      G
               +---------+---------+-------+---------+---------+-------+---------
         Total |       0 |     450 |   0.0 |       0 |      62 |   0.0 |  4172
               +---------+---------+-------+---------+---------+-------+---------
           D:1 |       0 |      42 |   0.0 |       0 |      20 |   0.0 |   859
           D:2 |       0 |      70 |   0.0 |       0 |      20 |   0.0 |  1016
           D:3 |       0 |      19 |   0.0 |       0 |      11 |   0.0 |   710
           D:4 |       0 |      73 |   0.0 |       0 |       2 |   0.0 |   937
           D:5 |       0 |     246 |   0.0 |       0 |       9 |   0.0 |   505
               +---------+---------+-------+---------+---------+-------+---------
